 Dungeon Crawl Stone Soup version 0.26-a0-708-g17f3b190f9 (webtiles) character file.

Game seed: 13044842866476130147

59 robertstho the Chiller (level 4, -1/21 HPs)
             Began as a Vine Stalker Ice Elementalist on Oct 28, 2020.
             Killed from afar by Sigmund (5 damage)
             ... with a puff of flame
             ... on level 2 of the Dungeon.
             The game lasted 00:03:17 (1901 turns).

robertstho the Chiller (VSIE)                       Turns: 1901, Time: 00:03:18

Health: -1/21      AC:  4    Str: 10    XL:     4   Next: 3%
Magic:  0/9        EV: 12    Int: 16    God:
Gold:   152        SH:  0    Dex: 15    Spells: 4/8 levels left

rFire    . . .     SeeInvis .   (no weapon)
rCold    . . .     Faith    .   (no shield)
rNeg     . . .     Spirit   +   a - +0 robe
rPois    .         Reflect  .   (no helmet)
rElec    .         Harm     .   e - +0 cloak
rCorr    .         Rampage  .   (no gloves)
MR       .....                  h - +0 pair of boots
Stlth    ++........             (no amulet)
HPRegen  0.47/turn              (no ring)
MPRegen  0.11/turn              (no ring)

@: no status effects
A: fangs 2, regeneration 1, magic shield, antimagic bite, no potion heal 3, rot
immunity
a: no special abilities


You were on level 2 of the Dungeon.
You visited 1 branch of the dungeon, and saw 2 of its levels.

You collected 152 gold pieces.

Inventory:

Armour
 a - a +0 robe (worn)
 e - a +0 cloak (worn)
 h - a +0 pair of boots (worn)
Wands
 i - a wand of polymorph (7)
Scrolls
 c - 3 scrolls of teleportation {unknown}
 d - a scroll of remove curse {unknown}
 f - a scroll of identify {unknown}
 g - a scroll of random uselessness {unknown}
 k - a scroll of magic mapping {unknown}
Potions
 b - a potion of resistance {unknown}
 j - 2 potions of curing {unknown}
 l - a potion of degeneration {unknown}


   Skills:
 + Level 1.8 Dodging
 + Level 2.8 Stealth
 + Level 0.9 Unarmed Combat
 * Level 2.7 Spellcasting
 * Level 4.8 Ice Magic


You had 4 spell levels left.
You knew the following spells:

 Your Spells              Type           Power        Failure   Level
a - Freeze                Ice            ###.         2%          1
b - Frozen Ramparts       Ice            ###...       9%          3

Your spell library contained the following spells:

 Spells                   Type           Power        Failure   Level
 Ozocubu's Armour         Ice            ###.....     9%          3
 Hailstorm                Conj/Ice       #.......     58%         4
 Summon Ice Beast         Ice/Summ       #.......     58%         4


Dungeon Overview and Level Annotations

Branches:
Dungeon (2/15)

Altars:
Trog

Annotations:
D:2 Sigmund


Innate Abilities, Weirdness & Mutations

You have extremely sharp teeth.
Your natural rate of healing is unusually fast.
When hurt, damage is shared between your health and your magic reserves.
Your bite disrupts and absorbs the magic of your enemies.
Potions cannot restore your health.
You are immune to rotting.


Message History

Deactivating autopickup; reactivate with Ctrl-A.
The wall freezes something.
A puff of flame appears from out of thin air!
The puff of flame hits you.
The frozen ramparts melt away.
You feel less confused.
You hear some strange, mumbled words.
Something tries to affect you, but you resist.
Evoke which item? (* to show all) (? for menu, Esc to quit)
Okay, then.
Something tries to affect you, but you resist.
A puff of flame appears from out of thin air!
The puff of flame hits you.
You hear a zap.
A puff of flame appears from out of thin air!
The puff of flame hits you!
* * * LOW HITPOINT WARNING * * *
A puff of flame appears from out of thin air!
The puff of flame hits you.
You die...

#.# ##)#......###........
#.# #.#....#.#..........
#.####.######.#.#.......#
.........................
#.####.#####.{#########..
#.####)# #.....#### .
#.##.#.### #.#......#
#.##.....# #.#.#.##.#
#.##.....# #.#.#@##
#.....#..# #....<.# #
.........###.#.#..#.#
........[...........#
###......###.#....###
#....#.# #.#.#......#
#....#.# ......(..#.#
######.##..#.##...#
#.##..### .g.#


There were no monsters in sight!

Vanquished Creatures
  3 gnolls
  An ooze (D:1)
  A worm (D:2)
  4 goblins
  A hobgoblin (D:1)
  3 kobolds (D:1)
  A quokka (D:2)
  A ball python (D:1)
  3 bats
  A frilled lizard (D:1)
  10 rats
29 creatures vanquished.

Notes
Turn   | Place    | Note
-------+----------+-------------------------------------------
     0 | D:1      | robertstho the Vine Stalker Ice Elementalist began the
                  | quest for the Orb.
     0 | D:1      | Reached XP level 1. HP: 9/9 MP: 4/4
   387 | D:1      | Reached XP level 2. HP: 13/13 MP: 4/6
  1067 | D:2      | Found a bloodstained altar of Trog.
  1115 | D:2      | Reached XP level 3. HP: 13/16 MP: 2/7
  1398 | D:1      | Learned a level 3 spell: Frozen Ramparts
  1572 | D:2      | Gained mutation: Your natural rate of healing is unusually
                  | fast. [Vine Stalker growth]
  1572 | D:2      | Reached XP level 4. HP: 1/21 MP: 0/9
  1864 | D:2      | Noticed Sigmund
  1901 | D:2      | Killed from afar by Sigmund

Illustrated notes

Levels and vault maps discovered:
D:1:      giann_forest_graveyard, layout_basic
D:2:      layout_basic, nicolae_overflow_crystal_walls, uniq_sigmund,
          uniq_terence

Action                   |  1- 3 |  4- 6 || total
-------------------------+-------+-------++-------
Melee: Unarmed           |    35 |     1 ||    36
       Bite              |     8 |       ||     8
 Cast: Freeze            |    26 |       ||    26
       Frozen Ramparts   |     1 |     4 ||     5
 Stab: Sleeping          |     1 |     1 ||     2
Armor: Robe              |    16 |       ||    16
Dodge: Dodged            |    37 |     1 ||    38

Table legend: (Time is in decaauts)
 A = Elapsed time spent in this place.
 B = Non-inter-level travel time spent in this place.
 C = Inter-level travel time spent in this place.
 D = Time resting spent in this place.
 E = Time spent auto-exploring this place.
 F = Levels seen in this place.
 G = Mean time per level.
                   A        B        C        D        E       F      G
               +--------+--------+--------+--------+--------+-----+--------+
         Total |   1901 |   1859 |     42 |    217 |   1377 |   2 |  950.5 |
       Dungeon |   1901 |   1859 |     42 |    217 |   1377 |   2 |  950.5 |
               +--------+--------+--------+--------+--------+-----+--------+

Top non-repeatable levels by time:
     D:1: 1288 daAuts
     D:2: 613 daAuts
